 Dungeon Crawl Stone Soup version 0.25-a0-1073-gf4359a17dd (webtiles) character file.

Game seed: 7719361666211730233, levelgen mode: deterministic

196 Flugslaktarn the Chopper (level 5, 0/42 HPs)
             Began as a Vine Stalker Fighter on May 14, 2020.
             Was an Initiate of Makhleb.
             Slain by Eustachio
             ... wielding a +3 rapier of venom
              (1 damage)
             ... on level 4 of the Dungeon.
             The game lasted 00:01:42 (2346 turns).

Flugslaktarn the Chopper (Vine Stalker Fighter)     Turns: 2346, Time: 00:01:43

Health: 0/42       AC: 22    Str: 19    XL:     5   Next: 74%
Magic:  0/6        EV:  2    Int:  8    God:    Makhleb [......]
Gold:   194        SH:  9    Dex: 14    Spells: 4/4 levels left

rFire    . . .     SeeInvis .   a - +0 war axe
rCold    . . .     Gourm    .   c - +0 kite shield
rNeg     + + +     Faith    +   (armour currently unavailable)
rPois    +         Spirit   +   (helmet currently unavailable)
rElec    .         Reflect  .   (cloak currently unavailable)
rCorr    .         Harm     .   (gloves currently unavailable)
MR       .....     NoTele   +   (boots currently unavailable)
Stlth    +.........             v - amulet of faith
HPRegen  0.54/turn              (no ring)
MPRegen  0.10/turn              (no ring)

@: lethally poisoned (0 -> -16), tree-form
A: regeneration 1, magic shield, no potion heal 3, rot immunity
a: Renounce Religion


You were on level 4 of the Dungeon.
You worshipped Makhleb.
Makhleb was noncommittal.
You were not hungry.
You were a tree.
You visited 1 branch of the dungeon, and saw 4 of its levels.

You collected 194 gold pieces.

Inventory:

Hand Weapons
 a - a +0 war axe (weapon)
Armour
 c - a +0 kite shield (worn)
 f - a +2 pair of gloves (melded)
   (You found it on level 1 of the Dungeon)
 g - a +1 cloak (melded)
   (You found it on level 1 of the Dungeon)
 x - a +0 chain mail (melded)
   (You found it on level 3 of the Dungeon)
Jewellery
 j - an uncursed ring of fire
   (You found it on level 2 of the Dungeon)
 v - an amulet of faith (around neck)
   (You found it on level 1 of the Dungeon)
Scrolls
 b - a scroll of blinking {unknown}
 m - a scroll of enchant armour
 r - a scroll of identify
Potions
 d - 2 potions of might
 h - 2 potions of haste
 i - a potion of mutation
 n - a potion of resistance
 p - 2 potions of flight
Comestibles
 e - 2 rations


   Skills:
 + Level 3.4 Fighting
 * Level 3.5 Axes
 + Level 3.1 Armour
 + Level 3.4 Shields
 + Level 0.0 Invocations


You had 4 spell levels left.
You didn't know any spells.
Your spell library was empty.

Dungeon Overview and Level Annotations

Branches:
Dungeon (4/15)
 Temple: D:4-7

Altars:
Makhleb
Zin

Annotations:
D:4 Eustachio


Innate Abilities, Weirdness & Mutations

((You have extremely sharp teeth.))
Your natural rate of healing is unusually fast.
When hurt, damage is shared between your health and your magic reserves.
((Your bite disrupts and absorbs the magic of your enemies.))
Potions cannot restore your health.
You are immune to rotting.


Message History

You feel very sick.
The quasit bites you but does no damage.
The quasit claws you but does no damage. x2
You block the worker ant's attack.
Eustachio falters for a moment.
The quasit bites you but does no damage.
You block the quasit's attack.
The quasit claws you but does no damage.
You hit Eustachio.
Eustachio is almost dead.
You completely miss the quasit. You hit the worker ant.
* * * LOW HITPOINT WARNING * * *
You feel very sick.
The worker ant bites you but does no damage.
Eustachio hits you but does no damage.
You are more poisoned.
The quasit bites you but does no damage.
The quasit claws you but does no damage. x2
The worker ant barely misses you.
Eustachio hits you with a +3 rapier of venom.
You die...

.# ##### .# #####.#.#
##.# #.......# #..
#.###.#.#######.# ..#
###.......#.##
#######.#####....#
.[......#.....>.♣#
#######.####...5a@5.....
######### #..(..###....
....... #....... <.
#####.# ###....[. #
...##### # ##... # #.##
#


You could see Eustachio, a worker ant, an iron imp (summoned) and a quasit
(summoned).

Vanquished Creatures
  A crimson imp (D:3)
  An orc wizard (D:3)
  2 gnolls (D:2)
  5 adders
  An ooze (D:1)
  2 worms (D:2)
  A leopard gecko (D:2)
  7 orcs (D:3)
  5 bats
  5 giant cockroaches
  6 goblins
  2 hobgoblins
  7 kobolds
  4 frilled lizards
  9 rats
58 creatures vanquished.

Notes
Turn   | Place    | Note
-------+----------+-------------------------------------------
     0 | D:1      | Flugslaktarn the Vine Stalker Fighter began the quest for
                  | the Orb.
     0 | D:1      | Reached XP level 1. HP: 11/11 MP: 2/2
    83 | D:1      | Reached XP level 2. HP: 16/16 MP: 3/3
   490 | D:2      | Reached XP level 3. HP: 19/19 MP: 4/4
  1079 | D:2      | Gained mutation: Your natural rate of healing is unusually
                  | fast. [Vine Stalker growth]
  1079 | D:2      | Reached XP level 4. HP: 13/24 MP: 3/5
  1439 | D:3      | Reached XP level 5. HP: 28/28 MP: 6/6
  1844 | D:3      | Found a glowing silver altar of Zin.
  1845 | D:3      | Noticed an angel
  2198 | D:3      | Found a burning altar of Makhleb.
  2232 | D:3      | Became a worshipper of Makhleb the Destroyer
  2327 | D:4      | Noticed Eustachio
  2346 | D:4      | HP: 1/42 [poisoned by Eustachio]
  2346 | D:4      | Slain by Eustachio

Illustrated notes

Levels and vault maps discovered:
D:1:      scummos_arrival_hexagon, layout_rooms
D:2:      layout_loops_cross, kennysheep_generic_room_14
D:3:      layout_loops_corners, zin_angel, makhleb_grotto_becter,
          kennysheep_generic_room_15
D:4:      layout_loops_ring, first_ration, grunt_decor_fettered,
          uniq_crazy_yiuf_cottage, uniq_eustachio

Skill      XL: |  1  2  3  4 |
---------------+-------------+-----
Axes           | 2 3 |  3.5
Shields        | 3 |  3.4
Fighting       | 3 |  3.4
Armour         | 3 |  3.1

Action                   |  1- 3 |  4- 6 || total
-------------------------+-------+-------++-------
Melee: War axe           |    74 |    92 ||   166
       Bite              |    19 |    26 ||    45
  Use: Scroll            |       |    12 ||    12
       Potion            |       |     1 ||     1
  Eat: Chunk             |       |     5 ||     5
Armor: Scale mail        |    40 |    16 ||    56
       Chain mail        |       |    40 ||    40
       Skin              |       |    19 ||    19
Dodge: Dodged            |    31 |    22 ||    53
Block: Kite shield       |    41 |    47 ||    88

Table legend:
 A = Non-vault XP
 B = Vault XP
 C = Vault XP percentage of total XP
 D = Non-vault monster count
 E = Vault monster count
 F = Vault count percentage of total count
                 A         B        C        D         E       F
            +---------+---------+-------+---------+---------+-------
      Total |     229 |      51 |  18.2 |      54 |       4 |   6.9
            +---------+---------+-------+---------+---------+-------
        D:1 |      32 |       0 |   0.0 |      17 |       0 |   0.0
        D:2 |      95 |       3 |   3.1 |      20 |       2 |   9.1
        D:3 |     102 |      48 |  32.0 |      17 |       2 |  10.5
            +---------+---------+-------+---------+---------+-------
